 Dungeon Crawl Stone Soup version 0.26.1-2-gb8aa6d0cf2 (webtiles) character file.

Game seed: 12766266553820562848

1126 Gadfly the Unbeliever (level 8, -2/78 HPs)
             Began as an Ogre Monk on Feb 13, 2021.
             Slain by an ufetubus (3 damage)
             ... on level 4 of the Dungeon.
             The game lasted 00:09:25 (8878 turns).

Gadfly the Unbeliever (Ogre Monk)                   Turns: 8878, Time: 00:09:25

Health: -2/78      AC:  3    Str: 18    XL:     8   Next: 35%
Magic:  11/11      EV: 10    Int: 11    God:
Gold:   202        SH:  0    Dex: 11    Spells: 7/7 levels left

rFire    . . .     SeeInvis .   f - +2 dagger (holy)
rCold    . . .     Faith    .   (no shield)
rNeg     . . .     Spirit   .   b - +0 robe
rPois    .         Reflect  .   (helmet restricted)
rElec    .         Harm     .   (no cloak)
rCorr    .         Rampage  .   (gloves unavailable)
Will     .....                  (boots unavailable)
Stlth    +.........             (no amulet)
HPRegen  0.23/turn              (no ring)
MPRegen  0.12/turn              (no ring)

@: confused
A: large, unfitting armour, tough skin 1
a: no special abilities


You were on level 4 of the Dungeon.
You visited 1 branch of the dungeon, and saw 5 of its levels.

You collected 202 gold pieces.

Inventory:

Hand Weapons
 a - a +0 flail
 f - a +2 dagger of holy wrath (weapon)
Missiles
 c - 7 boomerangs (quivered)
Armour
 b - a +0 robe (worn)
Jewellery
 k - an uncursed amulet of guardian spirit
Wands
 d - a wand of disintegration (10)
Scrolls
 h - 3 scrolls of teleportation
Potions
 g - a potion of flight
 l - 2 potions of might


   Skills:
 + Level 4.2 Fighting
 * Level 3.9 Maces & Flails
 + Level 4.2 Throwing
 * Level 3.6 Armour
 - Level 2.6 Dodging
 - Level 1.4 Stealth
 + Level 4.5 Invocations
 * Level 3.5 Evocations


You had 7 spell levels left.
You didn't know any spells.
Your spell library was empty.

Dungeon Overview and Level Annotations

Branches:
Dungeon (5/15)
 Temple: D:4-7

Altars:
Dithmenos
Kikubaaqudgha
Makhleb
Yredelemnul


Innate Abilities, Weirdness & Mutations

You are too large for most types of armour.
You have tough skin. (AC +1)


Message History

The orc closely misses you.
The frilled lizard bites you but does no damage.
Okay, then.
The ufetubus hits you.
* * * LOW HITPOINT WARNING * * *
The ufetubus hits you but does no damage.
The orc wizard hits you with a +0 club.
* * * LOW HITPOINT WARNING * * *
You are confused.
You feel invigorated. The ufetubus hits you.
* * * LOW HITPOINT WARNING * * *
The ufetubus hits you.
* * * LOW HITPOINT WARNING * * *
The orc priest hits you with a +0 club.
* * * LOW HITPOINT WARNING * * *
The orc wizard points at you and mumbles some strange words.
The magic dart hits you.
* * * LOW HITPOINT WARNING * * *
The ufetubus hits you.
You die...

#.#
#.######....#####.#
#####.# #.#
##.#.#####.#
#.....####.#
####.#.).>##.#
#.#####....#
#....)###.##.# #.#
##..<..####.....#
#.##.#
#.###.............).#
#.##..
#.##.........##..)..#
#.####
#.........looo......#
#.# ##
####.......@5####.###
#.# #. ##.......##
#.# #.# #. ##.....##
#.# #.# #. ##...##
#.# #.# #. #####
#.#####.###.
#...........
#######..... ####..
#.#


You could see an orc priest, an orc wizard, an orc, an ufetubus and a frilled
lizard.

Vanquished Creatures
  A sky beast (D:5)
  An ogre (D:4)
  A scorpion (D:4)
  2 vampire bats (D:4)
  A howler monkey (D:5)
  2 hounds
  5 orc priests
  6 orc wizards (D:4)
  A centaur skeleton (D:4)
  Jessica (D:2)
  2 iguanas
  4 worker ants
  8 adders
  A worm (D:4)
  4 dart slugs
  5 leopard geckos
  19 orcs
  2 ball pythons (D:2)
  2 bat skeletons (D:4)
  3 bat zombies (D:4)
  5 giant cockroaches
  8 hobgoblins
  15 jackals
  2 quokkas
  9 bats
  3 frilled lizards
  10 goblins
  7 kobolds
  A quokka zombie (D:5)
  6 rats
137 creatures vanquished.

Notes
Turn   | Place    | Note
-------+----------+-------------------------------------------
     0 | D:1      | Gadfly the Ogre Monk began the quest for the Orb.
     0 | D:1      | Reached XP level 1. HP: 24/24 MP: 1/1
   201 | D:1      | Reached XP level 2. HP: 32/32 MP: 2/2
   386 | D:1      | Reached skill level 1 in Invocations
   874 | D:1      | Reached skill level 1 in Throwing
   879 | D:1      | Reached XP level 3. HP: 27/39 MP: 3/3
  1404 | D:2      | Reached skill level 1 in Armour
  1489 | D:2      | Reached skill level 1 in Evocations
  1495 | D:2      | Noticed Jessica
  1506 | D:2      | Killed Jessica
  1507 | D:2      | Reached XP level 4. HP: 10/48 MP: 5/5
  2309 | D:2      | Reached XP level 5. HP: 24/54 MP: 6/6
  2673 | D:2      | Found a burning altar of Makhleb.
  2965 | D:3      | Found a shadowy altar of Dithmenos.
  3261 | D:3      | Reached XP level 6. HP: 50/62 MP: 6/8
  3772 | D:3      | Found a basalt altar of Yredelemnul.
  4912 | D:5      | Entered Level 5 of the Dungeon
  4934 | D:5      | HP: 2/62 [adder (5)]
  4941 | D:5      | Noticed a sky beast
  4954 | D:5      | Killed a sky beast
  4955 | D:5      | Reached XP level 7. HP: 7/70 MP: 9/9
  6996 | D:4      | Reached XP level 8. HP: 25/78 MP: 11/11
  8628 | D:4      | Found an ancient bone altar of Kikubaaqudgha.
  8871 | D:5      | Identified the +11 short sword "Byosh" {vorpal, Will+ Str+3
                  | SInv}
  8878 | D:4      | HP: 1/78 [orc wizard/magic dart (3)]
  8878 | D:4      | Slain by an ufetubus

Illustrated notes

Levels and vault maps discovered:
D:1:      heliophobic_arrival_battle_scene, layout_rooms
D:2:      layout_loops_ring, makhleb_blood_cavern_becter,
          kennysheep_generic_room_12, uniq_jessica
D:3:      layout_basic, nicolae_dithmenos_shadow_blocks,
          nicolae_overflow_hidden_temple
D:4:      layout_loops_ring, kennysheep_vampire_church,
          chequers_serial_rivers_marsh
D:5:      layout_loops_cross, lemuel_doored_altar

Skill      XL: |  1  2  3  4  5  6  7  8 |
---------------+-------------------------+-----
Invocations    | 1 2 3 4 |  4.5
Throwing       | 1 2 3 4 |  4.2
Armour         | 1 2 3 |  3.6
Evocations     | 1 2 3 |  3.5
Maces & Flails | 3 |  3.9
Fighting       | |  4.2
Dodging        | |  2.6
Stealth        | |  1.4

Action                   |  1- 3 |  4- 6 |  7- 9 || total
-------------------------+-------+-------+-------++-------
Melee: Mace              |    97 |   267 |    69 ||   433
       Flail             |       |       |   195 ||   195
       Dagger            |       |       |    22 ||    22
Throw: Stone             |    12 |    14 |       ||    26
       Boomerang         |       |    12 |     7 ||    19
Evoke: Wand              |       |       |     1 ||     1
  Use: Scroll            |     5 |     2 |     3 ||    10
       Potion            |     2 |     5 |     2 ||     9
 Stab: Sleeping          |     1 |     5 |       ||     6
Armor: Robe              |    42 |    73 |   105 ||   220
Dodge: Dodged            |    74 |   189 |   235 ||   498
